 Dungeon Crawl Stone Soup version 0.20.1-1-g8b1a95d (webtiles) character file.

3539 HammerPanzer the Basher (level 9, -5/70 HPs)
             Began as a Minotaur Berserker on Oct 26, 2017.
             Was an Elder of Trog.
             Slain by a hornet (7 damage)
             ... on level 8 of the Dungeon.
             The game lasted 00:32:25 (7450 turns).

HammerPanzer the Basher (Minotaur Berserker)        Turns: 7450, Time: 00:32:26

Health: -5/70      AC: 12    Str: 24    XL:     9   Next: 82%
Magic:  0/8        EV:  8    Int:  6    God:    Trog [****..]
Gold:   440        SH:  0    Dex:  9    Spells: 8/8 levels left

rFire    . . .     SeeInvis .   v - +7 Screaming Sword
rCold    . . .     Gourm    .   (no shield)
rNeg     + . .     Faith    .   h - +1 chain mail
rPois    .         Spirit   +   (helmet restricted)
rElec    .         Reflect  .   (no cloak)
rCorr    .         Harm     .   y - +2 pair of gloves
MR       .....                  (no boots)
Stlth    ..........             s - amulet of guardian spirit
Regen    0.3/turn               z - ring of positive energy
MPRegen  0.2/turn               (no ring)

@: lethally poisoned (-5 -> -9), slowed, very slow
A: retaliatory headbutt, horns 2
a: Berserk, Trog's Hand, Brothers in Arms, Burn Spellbooks, Renounce Religion


You were on level 8 of the Dungeon.
You worshipped Trog.
Trog was greatly pleased with you.
You were not hungry.

You visited 1 branch of the dungeon, and saw 9 of its levels.

You collected 440 gold pieces.

Inventory:

Hand Weapons
 v - the +7 Screaming Sword (weapon)
   (You found it on level 6 of the Dungeon)
 x - a +1 mace of holy wrath
Missiles
 b - 4 tomahawks (quivered)
Armour
 h - a +1 chain mail (worn)
 y - a +2 pair of gloves (worn)
Jewellery
 o - an uncursed amulet of magic regeneration
 s - an amulet of guardian spirit (around neck)
 z - a ring of positive energy (left hand)
Wands
 k - a wand of random effects (20/48)
 q - a wand of lightning (5/15)
 w - a wand of lightning (8/15)
Scrolls
 a - 2 scrolls of magic mapping
 f - a scroll of identify
 g - 5 scrolls of remove curse
 n - a scroll of fog
 p - a scroll of enchant armour
 u - 2 scrolls of teleportation
Potions
 d - 2 potions of mutation
 i - a potion of invisibility
 j - a potion of brilliance
 m - 2 potions of haste
 A - a potion of might
Comestibles
 c - 4 bread rations
 l - 5 chunks of flesh
 r - 4 meat rations


   Skills:
 - Level 3.6 Fighting
 + Level 9.8 Long Blades
 - Level 13.5 Maces & Flails
 - Level 2.4 Armour
 - Level 2.1 Dodging


You had 8 spell levels left.
You didn't know any spells.

Dungeon Overview and Level Annotations

Branches:
Dungeon (9/15)             Temple (0/1) D:5
   Lair: D:8-11         Orc: D:9-12

Altars:
Ashenzari
Dithmenos
Gozag
Hepliaklqana
Makhleb
Xom
Yredelemnul
The Shining One


Innate Abilities, Weirdness & Mutations

You reflexively headbutt those who attack you in melee.
You have a pair of horns on your head.


Message History

You miss the hornet.
The hornet is severely wounded.
You feel sick. The hornet closely misses you. You furiously retaliate!
You headbutt the hornet!
The hornet stings you but does no damage.
You hit the hornet but do no damage.
The hornet is almost dead.
You feel yourself speed up.
You feel sick.
The hornet stings you but does no damage.
The hornet stings you!
* * * LOW HITPOINT WARNING * * *
You feel yourself slow down. The hornet stings you.
* * * LOW HITPOINT WARNING * * *
You feel as though you will be slow longer.
You hit the hornet but do no damage. Your headbutt misses the hornet.
The hornet is almost dead.
* * * LOW HITPOINT WARNING * * *
You feel sick. The hornet stings you!
You die...

.....# .....#
.....########
............# ###
...########.# #...
#### #### #### ....
#.#.#.# .....
#(##.##.....
#.#y@........
#.#.##........
######........ .###
#...####..
.....######..####..
#......>))[..#....#
#......#..........#
#.........#.......#
##..................#


You could see a hornet.

Vanquished Creatures
  A two-headed ogre (D:8)
  A hornet (D:8)
  The ghost of Ymberto the Magician, an amateur DEFE (D:4)
  Menkaure (D:4)
  A water moccasin (D:6)
  A soldier ant (D:8)
  2 ice beasts
  An orc warrior (D:8)
  A sky beast (D:8)
  2 ogres (D:4)
  A centaur (D:7)
  A crocodile (D:8)
  A big kobold (D:8)
  4 scorpions (D:6)
  5 killer bees (D:8)
  4 crimson imps
  3 hounds (D:4)
  2 bullfrog zombies (D:5)
  3 centaur zombies
  A centaur skeleton (D:4)
  An orc priest (D:4)
  A bullfrog skeleton (D:6)
  6 orc wizards
  An iguana (D:6)
  2 worker ants
  A hound skeleton (D:5)
  2 worker ant zombies (D:7)
  3 gnolls (D:4)
  2 shadow imps
  12 adders
  An ooze (D:6)
  An adder zombie (D:7)
  4 worms
  A dart slug (D:1)
  6 leopard geckos
  28 orcs
  6 bats
  6 giant cockroaches
  8 goblins
  5 hobgoblins
  10 jackals
  13 kobolds
  3 quokkas
  2 frilled lizards
  A quokka zombie (D:4)
  7 rats
  A fungus (D:6)
171 creatures vanquished.

Vanquished Creatures (others)
  A fungus (D:6)
1 creature vanquished.

Grand Total: 172 creatures vanquished

Notes
Turn   | Place    | Note
-------+----------+-------------------------------------------
     0 | D:1      | HammerPanzer the Minotaur Berserker began the quest for the Orb.
     0 | D:1      | Reached XP level 1. HP: 19/19 MP: 0/0
    60 | D:1      | Reached skill level 4 in Maces & Flails
   227 | D:1      | Reached XP level 2. HP: 25/26 MP: 1/1
   573 | D:1      | Reached skill level 5 in Maces & Flails
   586 | D:1      | Reached XP level 3. HP: 31/31 MP: 2/2
   799 | D:1      | You fall through a shaft!
  1133 | D:1      | Reached ** piety under Trog
  1433 | D:2      | Found a shattered altar of Ashenzari.
  1915 | D:3      | Reached XP level 4. HP: 36/39 MP: 3/3
  1976 | D:3      | Reached skill level 6 in Maces & Flails
  1986 | D:4      | Noticed an ogre
  2085 | D:3      | Found an opulent altar of Gozag.
  2121 | D:3      | Reached skill level 7 in Maces & Flails
  2121 | D:3      | Reached XP level 5. HP: 45/45 MP: 4/4
  2156 | D:3      | Found a burning altar of Makhleb.
  2846 | D:4      | Noticed Menkaure
  2997 | D:4      | Noticed Ymberto's ghost (amateur DEFE)
  3117 | D:4      | Noticed an ogre
  3122 | D:4      | Killed an ogre
  3122 | D:4      | Reached skill level 8 in Maces & Flails
  3122 | D:4      | Reached XP level 6. HP: 51/51 MP: 5/5
  3202 | D:4      | Found a shadowy altar of Dithmenos.
  3326 | D:5      | Entered Level 5 of the Dungeon
  3398 | D:4      | Killed Menkaure
  3398 | D:4      | Reached skill level 9 in Maces & Flails
  3428 | D:4      | Reached XP level 7. HP: 41/57 MP: 6/6
  3534 | D:4      | Killed Ymberto's ghost
  3534 | D:4      | Reached skill level 10 in Maces & Flails
  3846 | D:4      | Reached *** piety under Trog
  4102 | D:5      | Reached skill level 11 in Maces & Flails
  4268 | D:5      | Reached XP level 8. HP: 56/64 MP: 7/7
  4365 | D:5      | Found a staircase to the Ecumenical Temple.
  4715 | D:5      | Reached skill level 12 in Maces & Flails
  4926 | D:5      | Found a shimmering altar of Xom.
  4927 | D:5      | Found a hazy altar of Hepliaklqana.
  4928 | D:5      | Noticed a spectral ugly thing
  5377 | D:6      | Got an ancient scale mail
  5388 | D:6      | Identified the +0 scale mail of Boredom {+Blink rC- rCorr Int-5} (You found it on level 6 of the Dungeon)
  5388 | D:6      | Lost intelligence.
  5958 | D:6      | Reached skill level 13 in Maces & Flails
  5988 | D:6      | Reached **** piety under Trog
  6320 | D:7      | Found a basalt altar of Yredelemnul.
  6325 | D:7      | Found a glowing golden altar of the Shining One.
  6327 | D:7      | Noticed an angel
  6429 | D:7      | Reached skill level 1 in Long Blades
  6737 | D:8      | Reached XP level 9. HP: 32/70 MP: 4/8
  6982 | D:8      | Noticed a two-headed ogre
  6985 | D:8      | Killed a two-headed ogre
  7428 | D:8      | Paralysed by a hornet for 1 turns
  7444 | D:8      | Paralysed by a hornet for 2 turns
  7449 | D:8      | HP: 2/70 [hornet (4)]
  7450 | D:8      | Slain by a hornet

Skill      XL: |  1  2  3  4  5  6  7  8  9 |
---------------+----------------------------+-----
Maces & Flails | 4 5 7 8 9 11 13 | 13.5
Long Blades    | 3 9 |  9.8
Fighting       | |  3.6
Armour         | |  2.4
Dodging        | |  2.1

Action                   |  1- 3 |  4- 6 |  7- 9 || total
-------------------------+-------+-------+-------++-------
Melee: Mace              |    70 |       |       ||    70
       Headbutt          |    11 |    18 |    53 ||    82
       Flail             |       |    82 |   170 ||   252
       Double sword      |       |       |    98 ||    98
 Fire: Blowgun           |       |     3 |       ||     3
Throw: Tomahawk          |       |       |     1 ||     1
Invok: Berserk           |       |     2 |     1 ||     3
       Burn Spellbooks   |       |       |     1 ||     1
  Use: Scroll            |       |     8 |    10 ||    18
       Potion            |       |       |     5 ||     5
 Stab: Sleeping          |     1 |       |       ||     1
  Eat: Chunk             |     3 |     7 |    11 ||    21
       Royal jelly       |       |       |     1 ||     1
       Bread ration      |       |       |     1 ||     1
Armor: Animal skin       |     4 |       |       ||     4
       Chain mail        |    17 |    30 |   116 ||   163
       Scale mail        |       |       |    50 ||    50
Dodge: Dodged            |    44 |    34 |   130 ||   208
       Rpst.: Double sword |       |       |    16 ||    16
